 Dungeon Crawl Stone Soup version 0.30.1-1-g62c8e00024 (webtiles) character file.

Game seed: 1275723526109537369

1599 monsoonserge the Covered (level 8, 0/71 HPs)
             Began as a Hill Orc Fighter on July 17, 2023.
             Was a Believer of Okawaru.
             Slain by an orc
             ... wielding a +0 hand axe of electrocution
              (20 damage)
             ... on level 7 of the Dungeon.
             The game lasted 00:14:37 (5237 turns).

monsoonserge the Covered (Hill Orc Fighter)         Turns: 5237, Time: 00:14:38

Health: 0/71       AC: 16    Str: 21    XL:     8   Next: 94%
Magic:  7/9        EV:  8    Int: 16    God:    Okawaru [**....]
Gold:   361        SH:  6    Dex: 10    Spells: 7/7 levels left

rFire   . . .        a - +10 flail of the Sky {venom, Int+2}
rCold   . . .        c - +0 buckler
rNeg    . . .        y - +0 plate armour
rPois   .            E - +0 helmet
rElec   .            (no cloak)
rCorr   .            (no gloves)
SInv    .            (no boots)
Will    +....        (no amulet) Stlth
                     w - +6 ring of intelligence
HPRegen 0.31/turn    b - ring of willpower
MPRegen 0.11/turn

%: no passive effects
@: heroic
A: no striking features
a: Renounce Religion, Convert to Beogh, Heroism


You were on level 7 of the Dungeon.
You worshipped Okawaru.
Okawaru was pleased with you.
You visited 2 branches of the dungeon, and saw 8 of its levels.
You also visited: Ossuary.

You collected 361 gold pieces.

Inventory:

Hand Weapons
 a - the +10 flail of the Sky (weapon) {venom, Int+2}
   (You found it on level 6 of the Dungeon)

   Int:       It affects your intelligence (+2).
Missiles
 i - 6 poisoned darts (quivered)
 m - 6 boomerangs
Armour
 c - a +0 buckler (worn)
 y - a +0 plate armour (worn)
 C - the +0 scale mail "Zenwamna" {Fly rElec}
   (You found it in an ossuary)

   rElec:     It insulates you from electricity.
   Fly:       It grants you flight.
 E - a +0 helmet (worn)
Jewellery
 b - a ring of willpower (right hand)
 t - a ring of ice
 w - a +6 ring of intelligence (left hand)
Wands
 d - a wand of roots (11)
 q - a wand of flame (45)
Scrolls
 f - 3 scrolls of blinking {unknown}
 g - 7 scrolls of identify {unknown}
 k - 2 scrolls of magic mapping {unknown}
 n - 3 scrolls of amnesia {unknown}
 o - a scroll of vulnerability {unknown}
 p - 4 scrolls of teleportation {unknown}
 r - a scroll of immolation {unknown}
 v - 2 scrolls of poison {unknown}
Potions
 e - 2 potions of magic {unknown}
 h - a potion of invisibility {unknown}
 j - 3 potions of curing
 s - a potion of resistance {unknown}
 u - a potion of heal wounds {unknown}
 x - a potion of brilliance {unknown}
 z - 3 potions of ambrosia {unknown}
 A - 2 potions of degeneration {unknown}
 B - 2 potions of flight {unknown}
 D - a potion of attraction {unknown}


   Skills:
 + Level 6.6(11.6) Fighting
 - Level 4.0(11.4) Axes
 + Level 0.8(7.2) Maces & Flails
 + Level 6.5(11.9) Polearms
 + Level 0.8(5.8) Throwing
 + Level 6.8(11.8) Armour
 + Level 1.9(6.9) Dodging
 - Level 1.0(6.0) Stealth
 + Level 4.4(9.4) Shields
 + Level 2.6 Invocations


You had 7 spell levels left.
You didn't know any spells.
Your spell library contained the following spells:

 Spells                   Type           Power      Damage    Failure   Level
 Magic Dart               Conj           0%         1d3       98%         1
 Searing Ray              Conj           0%         2d4       99%         2
 Mephitic Cloud           Conj/Pois/Air  0%         N/A       100%        3
 Ozocubu's Armour         Ice            0%         N/A       100%        3
 Fulminant Prism          Conj/Hex       0%         3d5       100%        4
 Metabolic Englaciation   Hex/Ice        0%         N/A       100%        5
 Call Imp                 Summ           Unusable   N/A       N/A         2
 Simulacrum               Ice/Necr       Unusable   N/A       N/A         6

Dungeon Overview and Level Annotations

Branches:
Dungeon (7/15)             Temple (1/1) D:6         Ossuary (visited)

Altars:
Elyvilon
Okawaru
Uskayaw
The Shining One

Shops:
D:2 =   D:7 *

Annotations:
D:5 2 transporters, Sabo's ghost, amateur DsGl
D:6 Grinder; Sigmund


Message History

The orc priest mumbles some strange prayers to Beogh against you.
Beogh smites you! The killer bee stings you.
* * * LOW HITPOINT WARNING * * *
You are lethally poisoned!
The killer bee poisons you!
You closely miss the killer bee.
* * * LOW HITPOINT WARNING * * *
You feel very sick. The killer bee barely misses you.
The orc priest hits you but does no damage.
The killer bee stings you but does no damage.
Unknown command.
You thump the killer bee!
The killer bee is poisoned.
The killer bee is heavily wounded.
* * * LOW HITPOINT WARNING * * *
You feel very sick.
The killer bee stings you but does no damage.
The orc priest hits you but does no damage.
The killer bee stings you but does no damage.
The killer bee barely misses you.
The orc priest shouts, "Beogh is our master!
Accept the truth or die!"
The orc priest hits you from afar with a +0 trident.
* * * LOW HITPOINT WARNING * * *
It was a potion of curing.
You feel better.
The killer bee stings you but does no damage. x2
You block the orc priest's attack.
Okay, then.
You closely miss the killer bee.
The killer bee is almost dead.
You kill the killer bee!
Okawaru accepts your kill.
The orc throws a boomerang.
You block the boomerang. You block the orc priest's attack.
Unknown command.
The orc priest threatens, "By the altar or by the axe, you will meet Beogh!"
You hit the orc.
The orc is almost dead.
You block the orc priest's attack. The orc hits you but does no damage.
You are electrocuted!!
You die...

#....# #....## #.)...# 8.
## #.....# .. .# #..)..##
.# .## #......# .#
..####.<..###### ##.##
..∩.###..###...###o..###..
........##...8..@ooo.....8
..##.......#...###o..###.
#.#.....######## ##.##
#.....### )# ....### .#
.[### o. .## 8. ## .o# .##


You could see an orc priest and 4 orcs.

Vanquished Creatures
  An ice beast (D:5)
  A black bear (D:5)
  3 ogres
  2 phantoms
  4 scorpions
  5 killer bees
  A howler monkey (D:5)
  2 human zombies (Ossuary)
  3 hounds
  A jelly (D:5)
  An iguana (D:5)
  A sleepcap (D:4)
  Ijyb (D:3)
  2 hound zombies (Ossuary)
  4 mummies (Ossuary)
  6 adders
  An ufetubus (D:4)
  An adder zombie (Ossuary)
  3 dart slugs
  4 worms
  12 orcs
  8 endoplasms
  8 giant cockroaches
  2 gnoll zombies (Ossuary)
  8 goblins
  4 hobgoblins
  2 jackals (D:3)
  4 quokkas
  11 ball pythons
  3 bats
  3 frilled lizards
  A goblin zombie (Ossuary)
  A hobgoblin zombie (Ossuary)
  A jackal zombie (Ossuary)
  9 kobolds
  2 orc zombies (Ossuary)
  5 rats
131 creatures vanquished.

Notes
Turn   | Place    | Note
-------+----------+-------------------------------------------
     0 | D:1      | monsoonserge the Hill Orc Fighter began the quest for the
                  | Orb.
     0 | D:1      | Reached XP level 1. HP: 19/19 MP: 1/1
   153 | D:1      | Reached XP level 2. HP: 27/27 MP: 2/2
   482 | D:1      | Reached XP level 3. HP: 33/33 MP: 3/3
   863 | D:2      | Reached XP level 4. HP: 30/41 MP: 4/4
  1433 | D:2      | Found Jeejecax's Jewellery Shop.
  1880 | D:3      | Found a faded altar of an unknown god.
  1880 | D:3      | Noticed Ijyb
  1881 | D:3      | Noticed a scorpion
  1903 | D:4      | Killed a scorpion
  1904 | D:4      | Reached skill level 1 in Polearms
  1904 | D:4      | Reached XP level 5. HP: 22/47 MP: 5/5
  1929 | D:3      | Killed Ijyb
  2590 | D:4      | Found a glowing golden altar of the Shining One.
  2624 | D:4      | Found an iron altar of Okawaru.
  2636 | D:4      | Became a worshipper of Warmaster Okawaru
  2747 | D:4      | Reached skill level 5 in Fighting
  2747 | D:4      | Reached XP level 6. HP: 54/56 MP: 6/6
  2818 | D:4      | Reached skill level 1 in Dodging
  3084 | D:4      | Reached skill level 5 in Armour
  3312 | D:5      | Entered Level 5 of the Dungeon
  3329 | D:5      | Reached XP level 7. HP: 54/61 MP: 7/7
  3354 | D:5      | Reached * piety under Okawaru
  3365 | D:5      | Found a hide-covered altar of Uskayaw.
  3399 | D:5      | Reached skill level 1 in Invocations
  3613 | D:5      | Noticed Sabo's ghost (amateur DsGl)
  3622 | D:5      | Found a transporter.
  3660 | D:5      | Reached skill level 5 in Polearms
  3660 | D:5      | Reached XP level 8. HP: 70/70 MP: 9/9
  3736 | D:5      | Found a transporter.
  3809 | D:5      | Found a sand-covered staircase.
  3816 | Ossuary  | Entered an ossuary
  4039 | Ossuary  | Identified the +0 scale mail "Zenwamna" {Fly rElec}
  4654 | D:6      | Found a staircase to the Ecumenical Temple.
  4668 | Temple   | Entered the Ecumenical Temple
  4749 | D:6      | Noticed Sigmund
  4750 | D:6      | Noticed Grinder
  4803 | D:5      | Reached skill level 1 in Stealth
  5133 | D:6      | Identified the +10 flail of the Sky {venom, Int+2}
  5144 | D:7      | Reached ** piety under Okawaru
  5159 | D:7      | Found Kexzos's Assorted Antiques.
  5215 | D:7      | Found a white marble altar of Elyvilon.
  5237 | D:7      | Slain by an orc

Illustrated notes

Levels and vault maps discovered:
D:1:      denvon_arrival_planthouse, layout_loops_ring,
          chequers_serial_rivers_micro_a, st_stairs_2,
          hangedman_decor_diamond_cutter, minmay_misc_feat_alley
D:2:      layout_basic, serial_shops, nicolae_shop_back_alley_shop,
          serial_bayou_lagoon_a, hangedman_decor_clover_reticule
D:3:      layout_loops_ring, hellmonk_ecumenical_altar_inner_sanctum,
          roderic_malta_cross, uniq_ijyb
D:4:      layout_gridville, mainiacjoe_overflow_two_lobes
D:5:      layout_basic, kennysheep_mini_moat, enter_ossuary_1,
          gammafunk_ghost_stat_death
D:6:      layout_cave_pools, minmay_temple_entry_offerings, uniq_sigmund,
          uniq_grinder
D:7:      layout_cave_pods, elyvilon_altar_1, serial_shops, shop,
          nicolae_shop_just_a_little_nook, shop, uniq_duvessa, uniq_menkaure,
          uniq_prince_ribbit1
Temple:   mainiacjoe_temple_coin_purse

Skill      XL: |  1  2  3  4  5  6  7  8 |
---------------+-------------------------+-----
Fighting       | 4 5 6 |  6.6
Axes           | 3 4 |  4.0
Polearms       | 1 2 3 5 6 |  6.5
Armour         | 4 5 6 |  6.8
Dodging        | 1 |  1.9
Shields        | 4 |  4.4
Invocations    | 2 |  2.6
Stealth        | 1 |  1.0
Maces & Flails | |  0.8
Throwing       | |  0.8

Action                     |  1- 3 |  4- 6 |  7- 9 || total
---------------------------+-------+-------+-------++-------
  Melee: War axe           |    79 |       |    17 ||    96
         Trident           |       |   118 |   135 ||   253
         Flail             |       |       |    20 ||    20
  Throw: Boomerang         |       |       |     8 ||     8
         Dart              |       |       |     1 ||     1
 Invoke: Heroism           |       |       |     2 ||     2
  Evoke: Wand              |       |       |     1 ||     1
    Use: Potion            |       |     1 |     1 ||     2
 Armour: Scale mail        |    35 |    66 |    20 ||   121
         Plate armour      |       |       |    98 ||    98
  Dodge: Dodged            |    31 |    61 |    58 ||   150
  Block: Buckler           |    11 |    26 |    40 ||    77
